AoeStats
← Hardware

Black Forest

510859427Analyzed
3v3 RM · 6h ago on Oct 2, 2026· 66m 59s· 6 players
Game mode
Random Map
Map size
Normal (6 player)
Population
200
Speed
Normal
Resources
Standard
Victory
Conquest
Starting age
Dark Age
Ending age
Imperial Age
RankedLock teamsTeams togetherTeam positionsShared explorationLock speedFull tech treeHidden civsTurbo modeCheats
Victory
Defeat
🇨🇱 Khmer · Chile
1057
+10
🇨🇱 Celts · Chile
981
+12
🇨🇱 Franks · Chile
974
+13
🇹🇷 Ethiopians · Türkiye
1031
-17
🇹🇷 Britons · Türkiye
848
-9
🇹🇷 Byzantines · Türkiye
839
-9
MASON GREENWOOD
0:33 Loom
11:59 Feudal Age
15:51 Castle Age
13:35 Horse Collar
16:33 Double-Bit Axe
17:20 Heavy Plow
19:13 Wheelbarrow
21:37 Bow Saw
24:36 Hand Cart
30:06 Imperial Age
28:28 Stone Mining
28:29 Gold Mining
31:21 Ballistics
32:05 Chemistry
31:07 Padded Archer Armor
30:58 Fletching
30:30 Crossbowman
31:15 Thumb Ring
32:19 Two-Man Saw
31:17 Gold Mining
32:03 Stone Shaft Mining
31:40 Torsion Engines
32:22 Masonry
31:43 Arbalester
32:49 Husbandry
32:56 Scale Barding Armor
33:02 Forging
33:11 Bodkin Arrow
33:32 Leather Archer Armor
33:26 Heavy Camel Rider
34:34 Chain Barding Armor
36:36 Leather Archer Armor
36:49 Caravan
37:32 Gold Shaft Mining
38:12 Iron Casting
37:34 Bodkin Arrow
40:56 Blast Furnace
39:56 Bracer
48:19 Onager
52:35 Siege Onager
60:56 Light Cavalry
Hardware
0:52 Loom
13:26 Feudal Age
18:31 Castle Age
18:23 Man-at-Arms
31:07 Double-Bit Axe
31:06 Horse Collar
36:11 Imperial Age
36:01 Wheelbarrow
35:36 Scale Barding Armor
37:02 Onager
39:15 Cavalier
41:56 Elite Longbowman
43:45 Chain Barding Armor
44:39 Hand Cart
57:42 Ballistics
59:10 Pikeman
59:51 Squires
60:55 Husbandry
63:38 Padded Archer Armor
63:29 Fletching
65:13 Bow Saw
65:07 Heavy Plow
67:11 Scale Mail Armor
berber hikmet
0:31 Loom
13:36 Feudal Age
14:59 Wheelbarrow
14:21 Double-Bit Axe
15:00 Horse Collar
18:50 Gold Mining
21:50 Castle Age
22:11 Stone Mining
22:51 Hand Cart
23:00 Bow Saw
22:54 Heavy Plow
29:50 Elite Skirmisher
31:08 Treadmill Crane
32:04 Ballistics
32:31 Gold Shaft Mining
33:50 Stone Shaft Mining
37:14 Imperial Age
36:28 Coinage
35:59 Caravan
39:17 Crop Rotation
39:54 Two-Man Saw
39:59 Chemistry
39:08 Scale Barding Armor
39:03 Scale Mail Armor
39:04 Padded Archer Armor
38:55 Fletching
39:15 Forging
39:39 Conscription
38:56 Onager
39:23 Heavy Camel Rider
39:28 Cavalier
40:11 Husbandry
42:53 Chain Barding Armor
42:48 Chain Mail Armor
45:32 Plate Barding Armor
47:57 Heavy Camel Rider
49:14 Leather Archer Armor
51:28 Plate Mail Armor
51:29 Ring Archer Armor
50:55 Bodkin Arrow
51:35 Iron Casting
VonPiatre
0:36 Loom
11:59 Feudal Age
13:19 Wheelbarrow
12:26 Horse Collar
12:33 Double-Bit Axe
20:08 Castle Age
21:06 Town Watch
22:03 Bow Saw
21:56 Heavy Plow
26:36 Hand Cart
27:57 Caravan
34:26 Imperial Age
32:00 Town Patrol
32:05 Scale Mail Armor
32:47 Fortified Wall
32:50 Masonry
34:05 Forging
34:51 Chain Mail Armor
34:33 Gold Mining
34:33 Stone Mining
35:30 Conscription
34:59 Pikeman
36:16 Capped Ram
37:32 Elite Woad Raider
38:58 Iron Casting
38:54 Plate Mail Armor
40:27 Stone Shaft Mining
40:27 Gold Shaft Mining
41:13 Ballistics
41:54 Chemistry
40:49 Murder Holes
41:50 Hoardings
45:15 Blast Furnace
Cisco Beats
4:37 Loom
10:29 Feudal Age
14:15 Castle Age
12:16 Double-Bit Axe
12:55 Horse Collar
19:15 Heavy Plow
19:52 Bow Saw
22:51 Wheelbarrow
23:04 Town Watch
25:01 Bloodlines
24:59 Husbandry
26:24 Hand Cart
27:00 Scale Barding Armor
27:06 Forging
28:05 Chain Barding Armor
27:15 Light Cavalry
32:35 Imperial Age
30:37 Ballistics
30:11 Fletching
30:38 Stone Mining
30:41 Gold Mining
32:57 Stone Shaft Mining
32:57 Gold Shaft Mining
33:16 Double Crossbow
32:48 Elite Ballista Elephant
34:46 Chemistry
34:43 Plate Barding Armor
34:51 Siege Engineers
35:33 Conscription
40:47 Crop Rotation
41:26 Hussar
44:26 Iron Casting
matperez302
0:44 Loom
13:08 Feudal Age
18:42 Castle Age
21:36 Double-Bit Axe
32:44 Imperial Age
32:23 Forging
32:59 Cavalier
33:49 Scale Barding Armor
34:45 Fortified Wall
35:44 Husbandry
37:05 Conscription
43:39 Pikeman
55:00 Halberdier
Connection lost

Rejoining the realm…

Still unreachable

The connection could not be restored.

Session expired

The server has moved on; the page needs a fresh start.